 Dungeon Crawl Stone Soup version 0.30-a0-939-gc8157cb160 (webtiles) character file.

Game seed: 2636191837360998792

222 greasedhog the Poker (level 5, -14/43 HPs)
             Began as a Merfolk Fighter on Mar 26, 2023.
             Killed from afar by Blork the orc (22 damage)
             ... with a bolt of dispelling energy
             ... on level 4 of the Dungeon.
             The game lasted 00:06:22 (2765 turns).

greasedhog the Poker (Merfolk Fighter)              Turns: 2765, Time: 00:06:23

Health: -14/43     AC:  8    Str: 18    XL:     5   Next: 99%
Magic:  5/5        EV:  7    Int:  7    God:
Gold:   122        SH: 10    Dex: 14    Spells: 4/4 levels left

rFire   . . .      SeeInvis .    a - +0 trident
rCold   . . .      Faith    .    c - +0 buckler
rNeg    . . .      Spirit   .    i - +0 chain mail
rPois   .          Reflect  +    (no helmet)
rElec   .          Rampage  .    (no cloak)
rCorr   .                        (no gloves)
Will    .....                    (no boots) Stlth
                                 p - amulet of reflection
HPRegen 0.27/turn                (no ring)
MPRegen 0.09/turn                (no ring)

@: no status effects
A: (nimble swimmer 2), mertail
a: no special abilities


You were on level 4 of the Dungeon.
You visited 1 branch of the dungeon, and saw 4 of its levels.

You collected 122 gold pieces.

Inventory:

Hand Weapons
 a - a +0 trident (weapon)
Armour
 c - a +0 buckler (worn)
 i - a +0 chain mail (worn)
Jewellery
 p - an amulet of reflection (around neck)
Scrolls
 f - 3 scrolls of amnesia
 g - a scroll of fog {unknown}
 l - 4 scrolls of teleportation
 o - a scroll of enchant armour
Potions
 b - a potion of flight
 e - 2 potions of mutation
 h - 2 potions of attraction {unknown}
 j - 2 potions of brilliance {unknown}
 k - a potion of curing {unknown}
 m - a potion of lignification {unknown}
 n - a potion of magic {unknown}
 q - a potion of heal wounds {unknown}
 r - a potion of cancellation {unknown}


   Skills:
 + Level 4.5 Fighting
 * Level 6.1 Polearms
 - Level 2.1 Armour
 - Level 2.9 Dodging
 - Level 3.0 Shields


You had 4 spell levels left.
You didn't know any spells.
Your spell library contained the following spells:

 Spells                   Type           Power      Damage    Failure   Level
 Slow                     Hex            0%         N/A       100%        1
 Confusing Touch          Hex            0%         N/A       100%        3
 Vampiric Draining        Necr           0%         2d6       100%        3
 Vhi's Electric Charge    Tloc/Air       0%         N/A       100%        3
 Arcjolt                  Conj/Air       0%         1d10      100%        5
 Maxwell's Capacitive Co  Air            0%         ∞         100%        8


Dungeon Overview and Level Annotations

Branches:
Dungeon (4/15)             Temple (0/1) D:4

Altars:
Qazlal

Annotations:
D:4 Blork the orc


Innate Abilities, Weirdness & Mutations

((You are very nimble when in or above water. (Stealth+, EV+, Speed+++)))
Your lower body shifts to a powerful aquatic tail in water.


Message History

Blork the orc is lightly wounded.
You block Blork the orc's attack.
You puncture Blork the orc!
Blork the orc is moderately wounded.
Blork the orc zaps a wand.
The bolt of dispelling energy hits you!
You barely miss Blork the orc.
Blork the orc is moderately wounded.
Blork the orc screams, "I'll decorate my home with your organs!"
Blork the orc zaps a wand.
The bolt of dispelling energy hits you!
A quokka comes into view.
You feel very mighty all of a sudden.
Blork the orc zaps a wand.
The bolt of dispelling energy hits you!
Your magical effects are unravelling.
* * * LOW HITPOINT WARNING * * *
You hit Blork the orc.
Blork the orc is heavily wounded.
You feel a little less mighty now.
Blork the orc gestures at you while chanting.
The puff of flame reflects off an invisible shield around you!
The puff of flame hits Blork the orc!
You hit Blork the orc but do no damage.
Blork the orc is severely wounded.
You block Blork the orc's attack.
The quokka twitches its whiskers.
You hit Blork the orc.
Blork the orc is almost dead.
Blork the orc zaps a wand.
The bolt of dispelling energy misses you.
You hit Blork the orc but do no damage.
Blork the orc is almost dead.
You block Blork the orc's attack.
You closely miss Blork the orc.
Blork the orc is almost dead.
You block Blork the orc's attack.
You hit Blork the orc.
Blork the orc is almost dead.
Blork the orc zaps a wand.
The bolt of dispelling energy hits you!!
Ouch! That really hurt!
You die...

..... . ....
...(...######## ...
(.#......# ...
(#......# #..#(......#
#.#o......#
#.r@......##
##...........#
#....####...#
####...........
.........###... ..#
###.####.# ... #.. #.##
..# .....###..#######
#..#
...##............##....


You could see Blork the orc and a quokka.

Vanquished Creatures
  An orc priest (D:2)
  An iguana (D:4)
  2 orc wizards
  6 adders
  A dart slug (D:2)
  6 orcs
  3 endoplasms
  2 giant cockroaches
  7 goblins
  7 hobgoblins
  3 quokkas
  6 ball pythons
  3 bats
  5 frilled lizards
  4 kobolds
  5 rats
62 creatures vanquished.

Notes
Turn   | Place    | Note
-------+----------+-------------------------------------------
     0 | D:1      | greasedhog the Merfolk Fighter began the quest for the Orb.
     0 | D:1      | Reached XP level 1. HP: 18/18 MP: 1/1
   107 | D:1      | Reached skill level 3 in Polearms
   155 | D:1      | Reached XP level 2. HP: 24/24 MP: 2/2
   236 | D:1      | Reached skill level 1 in Dodging
   650 | D:2      | Reached XP level 3. HP: 29/29 MP: 3/3
   716 | D:2      | Reached skill level 4 in Polearms
  1307 | D:2      | Reached XP level 4. HP: 28/37 MP: 4/4
  1638 | D:2      | Reached skill level 5 in Polearms
  1825 | D:3      | Reached XP level 5. HP: 42/42 MP: 5/5
  1874 | D:3      | Found a stormy altar of Qazlal.
  2145 | D:3      | Noticed an ogre
  2656 | D:4      | Found a staircase to the Ecumenical Temple.
  2691 | D:4      | Noticed Blork the orc
  2702 | D:4      | Reached skill level 6 in Polearms
  2765 | D:4      | Killed from afar by Blork the orc

Illustrated notes

Levels and vault maps discovered:
D:1:      wander_arrival_fairy_ring, layout_basic, serial_forest,
          infiniplex_forest_clump_C, infiniplex_forest_clump_C,
          infiniplex_forest_lined_ring, infiniplex_forest_lined_room_2,
          minivault_5
D:2:      layout_loops_cross
D:3:      layout_basic, nicolae_qazlal_general_emergency
D:4:      layout_rooms, minmay_temple_entry_from_below_a, uniq_blork_the_orc

Skill      XL: |  1  2  3  4  5 |
---------------+----------------+-----
Polearms       | 3 4 5 6 |  6.1
Dodging        | 1 2 |  2.9
Fighting       | 4 |  4.5
Armour         | |  2.1
Shields        | |  3.0

Action                     |  1- 3 |  4- 6 || total
---------------------------+-------+-------++-------
  Melee: Trident           |   131 |   116 ||   247
  Throw: Dart              |       |     9 ||     9
    Use: Scroll            |     4 |     1 ||     5
         Potion            |       |     1 ||     1
 Armour: Scale mail        |    11 |       ||    11
         Chain mail        |    30 |    24 ||    54
  Dodge: Dodged            |    31 |    23 ||    54
  Block: Buckler           |    20 |    50 ||    70
         Reflection        |     1 |     2 ||     3

Table legend: (Time is in decaauts)
 A = Elapsed time spent in this place.
 B = Non-inter-level travel time spent in this place.
 C = Inter-level travel time spent in this place.
 D = Time resting spent in this place.
 E = Time spent auto-exploring this place.
 F = Levels seen in this place.
 G = Mean time per level.
                   A        B        C        D        E       F      G
               +--------+--------+--------+--------+--------+-----+--------+
         Total |   2802 |   2716 |     86 |    392 |   1686 |   4 |  700.5 |
       Dungeon |   2802 |   2716 |     86 |    392 |   1686 |   4 |  700.5 |
               +--------+--------+--------+--------+--------+-----+--------+

Top non-repeatable levels by time:
     D:2: 1094 daAuts
     D:3: 917 daAuts
     D:1: 596 daAuts
     D:4: 193 daAuts
